[Event "Late-Titled-Tuesday-Blitz-May-07-2024"]
[Site "Chess.com"]
[Date "2024.05.07"]
[Round "2"]
[White "karinachess1"]
[Black "Dedic8"]
[Result "0-1"]
[WhiteElo "2586"]
[BlackElo "2869"]
[TimeControl "180+1"]
[EndTime "14:19:17 PDT"]
[Termination "Dedic8 won by resignation"]

1. d4 Nf6 2. c4 e6 3. Nc3 d5 4. cxd5 exd5 5. Bg5 Be7 6. e3 h6 7. Bh4 c6 8. Bd3 O-O 9. Nf3 Ne4 10. Bxe7 Qxe7 11.
O-O Re8 12. Qc2 Bf5 13. a3 Nd7 14. Na4 a5 15. Rab1 Qd6 16. b4 axb4 17. axb4 Bg4 18. Be2 Ng5 19. Nxg5 Bxe2 20. Qxe2 Rxa4 21. Nf3 Rxb4 22.
Ra1 Nb6 23. Ne5 Nc4 24. Nd3 Rb5 25. Ra7 Qf6 26. Qg4 g6 27. Nc5 Nd6 28. Qd7 Qe7 29. Qxe7 Rxe7 30. h4 Kg7 31. Rfa1 h5 32. g3 Rb2 33.
R1a2 Rxa2 34. Rxa2 b6 35. Nd3 Nc4 36. Nb4 Rc7 37.
Ra6 Kf6 38. Kg2 Ke6 39. Kf3 Kd6 40. Kf4 c5 41. dxc5+ Kxc5 42. Nd3+ Kb5 43. Ra8 Nd2 44. Rd8 Kc4 45. Ne5+ Kc5 46. Nd3+ Kc4 47. Ne5+ Kc3 48.
Rxd5 Rb7 49. Rb5 Nc4 50. Nf3 Rc7 51. Nd4 Rc5 52. Rb1 Kd3 53. Rb3+ Kd2 54. f3 Kd1 55. g4 hxg4 56. fxg4 Ke1 57. g5 Re5 58. Rb4 Rc5 59.
Rb3 Kd1 60. Rc3 Nd6 61. Rxc5 bxc5 62. Nb3 c4 63. Nd4 c3 64. Ke5 Nc4+ 65. Kf6 Nxe3 66. Kxf7 Nf5 67. Nb3 Nxh4 68. Kf6 Kc2 69. Nd4+ Kd3 70.
Nb3 c2 71. Ke5 Kc3 72. Nc1 Kd2 73. Nb3+ Kd1 74. Kf4 c1=Q+ 75. Nxc1 Kxc1 76. Kg4 Nf5 77. Kf4 Kd2 78. Ke4 Ke2 79. Ke5 Kf3 80. Kf6 Nh4 0-1

[Event "Late-Titled-Tuesday-Blitz-May-07-2024"]
[Site "Chess.com"]
[Date "2024.05.07"]
[Round "2"]
[White "TigrVShlyape"]
[Black "xhembulla"]
[Result "1-0"]
[WhiteElo "2952"]
[BlackElo "2628"]
[TimeControl "180+1"]
[EndTime "14:19:23 PDT"]
[Termination "TigrVShlyape won on time"]

1. d4 Nf6 2. Bf4 c5 3. e3 Qb6 4.
b3 cxd4 5. Qxd4 Qd8 6. Nf3 Nc6 7. Qd1 g6 8. c4 Bg7 9. Nbd2 O-O 10. Be2 d5 11. O-O Bg4 12. Rc1 d4 13. exd4 Nxd4 14.
Nxd4 Qxd4 15. Be3 Qd7 16. Nf3 Qc7 17. b4 Rfd8 18. Qb3 Nh5 19. h3 Bd7 20. Rfd1 Nf4 21. Bf1 a6 22. a4 Bc6 23. b5 Bxf3 24. gxf3 Rxd1 25. Rxd1 Ne6 26. c5 Nxc5 27. Qc4 Ne6 28. Qxc7 Nxc7 29. Rd7 Ne6 30. b6 Rb8 31. Bc4 Bf6 32.
Bd5 Nd8 33. Bh6 e6 34. Be4 Be5 35. Bg5 f6 36. Bh6 f5 37. Bc2 Nc6 38. Be3 Kf8 39. Bb3 Ke8 40. Rxh7 Nd4 41. Bxd4 Bxd4 42. a5 Bc3 43.
Ba4+ Kf8 44. Bb3 Kg8 45. Rd7 Bxa5 46. Bxe6+ Kf8 47. Rh7 Bc3 48. Bd5 a5 49. Rxb7 Rxb7 50. Bxb7 a4 51. Bc6 Be5 52. Bd5 a3 53. b7 Bb8 54. f4 Ke7 55. Kg2 Kd6 56. Bf7 Kc5 57.
Kf3 Kb4 58. Kg3 Kc3 59. Kh4 Bxf4 60. b8=Q Bxb8 61. Kg5 f4 62. f3 Kd4 63. Kxg6 Ke5 64.
h4 Ba7 65. h5 Bd4 66. h6 Kd6 67. Kf5 Ke7 68. Ba2 Be3 69. Kg6 Bd4 70. Kf5 Kf8 71.
Kxf4 Bb2 72. Kg5 Ke7 73. f4 Kf8 74. f5 Bc1+ 75. Kg6 Bb2 76. f6 Bxf6 77. Kxf6 1-0

[Event "Late-Titled-Tuesday-Blitz-May-07-2024"]
[Site "Chess.com"]
[Date "2024.05.07"]
[Round "2"]
[White "Dr_troll"]
[Black "ploxoi"]
[Result "1/2-1/2"]
[WhiteElo "2542"]
[BlackElo "2340"]
[TimeControl "180+1"]
[EndTime "14:19:23 PDT"]
[Termination "Game drawn by repetition"]

1. e4 c6 2. Nf3 d5 3. d3 dxe4 4. dxe4 Qxd1+ 5. Kxd1 Nf6 6. Nfd2 Nbd7 7. f3 Nb6 8. c3 e5 9. Kc2 Be6 10. a4 a5 11. b3 Bc5 12. Ba3 Nbd7 13. Nc4 Ke7 14. Nbd2 Bxa3 15. Rxa3 Rhd8 16. Be2 Ne8 17. Rb1 Nd6 18.
Nxd6 Kxd6 19. b4 Kc7 20. Bc4 Bxc4 21. Nxc4 axb4 22. cxb4 b5 23. axb5 cxb5 24. Na5 Kb6 25. Rd1 Nf8 26. Rad3 Ne6 27. Rd6+ Rxd6 28. Rxd6+ Kc7 29.
Rc6+ Kd7 30. Rb6 Kc7 31. Rb7+ Kd6 32. Kd2 Nc7 33. Rb6+ Kd7 34. Ke3 f6 35. h4 Ra7 36. h5 h6 37. Kf2 Ra6 38. Rb7 Kc8 39. f4 exf4 40. Kf3 Rxa5 41. Rb6 Ra3+ 42. Kxf4 Rb3 43.
Kf5 Rxb4 44. Kg6 Rxe4 45. Kxg7 Rg4+ 46. Kxh6 f5 47. Kh7 b4 48. h6 Nd5 49. Rd6 Ne7 50. Kh8 Kc7 51. Re6 Kd7 52. Rb6 Ng6+ 53. Kg7 Ne7+ 54.
Kf7 Rh4 55. Rb7+ Kd6 56. Rxe7 Rxh6 57. Re2 Rh4 58. Kf6 Rf4 59. Kg5 Rf1 60. Re8 Kc5 61. Rc8+ Kd4 62. Rd8+ Kc3 63. Rc8+ Kb2 64. Rf8 b3 65. g4 f4 66. Kh6 f3 67. g5 f2 68.
Kg7 Kb1 69. g6 b2 70. Kg8 Rg1 71. Rxf2 Rxg6+ 72. Kf7 Rg1 73. Ke6 Rc1 74. Kd5 Rc2 75. Rf8 Kc1 76. Rf1+ Kd2 77. Rf2+ Kc3 78. Rf3+ Kb4 79.
Rf8 Rd2+ 80. Ke4 Rc2 81. Kd3 Rc1 82. Rb8+ Ka3 83. Ra8+ Kb3 84. Rb8+ Ka2 85. Ra8+ Kb1 86. Kd2 Rc5 87. Ra7 Rd5+ 88. Ke2 Rd4 89. Ke3 Rd5 90.
Ke2 Kc2 91. Rc7+ Kb1 92. Ra7 1/2-1/2

[Event "Late-Titled-Tuesday-Blitz-May-07-2024"]
[Site "Chess.com"]
[Date "2024.05.07"]
[Round "2"]
[White "KorolDimitriy75"]
[Black "banane_verte"]
[Result "1-0"]
[WhiteElo "2396"]
[BlackElo "2565"]
[TimeControl "180+1"]
[EndTime "14:19:30 PDT"]
[Termination "KorolDimitriy75 won by checkmate"]

1. d4 e6 2. c4 d5 3. Nc3 Nf6 4. Bg5 Be7 5. cxd5 exd5 6. e3 h6 7. Bh4 O-O 8. Bd3 c5 9. Nge2 Nc6 10. dxc5 Bxc5 11. O-O d4 12. Ne4 Be7 13. Nxf6+ Bxf6 14. Bxf6 Qxf6 15. Nxd4 Nxd4 16. exd4 Bf5 17. Qf3 Bxd3 18. Qxd3 Rfd8 19. Rad1 Rd7 20. Rd2 Rad8 21. Rfd1 g6 22.
Qe3 Kg7 23. g3 Rd5 24. Kg2 Qc6 25. Qf3 Qc4 26. b3 Qb4 27. Qe3 Qd6 28. Rd3 Qc6 29. Qf3 Qd7 30. Qe3 a6 31. R1d2 h5 32. h4 Qc6 33. Qf3 Qd6 34. Qe3 a5 35. Qe4 a4 36.
bxa4 Qd7 37. Qe3 Qxa4 38. Qe4 b5 39. a3 Qa8 40. Qf3 Qb7 41. Rd1 Qd7 42. Qe3 Qd6 43. Qf3 Qc6 44. R1d2 Kg8 45. Rd1 Qc2 46. R1d2 Qb1 47.
Rd1 Qb2 48. R1d2 Qc1 49. Rd1 Qc2 50. R1d2 Qa4 51. Qe4 Qa8 52. Qf3 Qa7 53. Qe3 Ra8 54. Qe4 Qd7 55. Qe3 Ra4 56. Qe4 Qd6 57. Qe3 Rf5 58.
Qe4 Rxa3 59. Rxa3 Qxa3 60. d5 Qd6 61. Qe8+ Kg7 62. Qxb5 Qf6 63. Qd3 Qd6 64. Qd4+ Kg8 65. Qe4 Re5 66. Qd4 Re1 67. Qd3 Rc1 68. Qe3 Qa6 69. d6 Qf1+ 70. Kf3 Qh1+ 71. Kf4 Re1 72. Qd4 Qc6 73. d7 Qc7+ 74. Kg5 Re5+ 75. Kh6 Qd8 76. Qxe5 Qf8+ 77. Kg5 Qd8+ 78. Qf6 Qa5+ 79. Kh6 Qxd2+ 80.
Qf4 Qxd7 81. Qf6 Qe8 82. Qg7# 1-0

[Event "Late-Titled-Tuesday-Blitz-May-07-2024"]
[Site "Chess.com"]
[Date "2024.05.07"]
[Round "2"]
[White "guillembaches"]
[Black "AniJak"]
[Result "1-0"]
[WhiteElo "2567"]
[BlackElo "2376"]
[TimeControl "180+1"]
[EndTime "14:19:32 PDT"]
[Termination "guillembaches won by resignation"]

1. d4 f5 2. Bg5 g6 3. e3 Bg7 4. Nc3 d5 5. h4 h6 6. Bf4 c6 7.
Nf3 Be6 8. Bd3 Nd7 9. g4 Ngf6 10. gxf5 Bxf5 11. Bxf5 gxf5 12. Ne5 Nxe5 13. Bxe5 Qd7 14.
Rg1 e6 15. Rg6 Qf7 16. h5 O-O-O 17. Qf3 Rhg8 18. O-O-O Nxh5 19. Qxh5 Bxe5 20. Rdg1 Rxg6 21. Qxg6 Qxg6 22. Rxg6 Bc7 23. Rxh6 Kd7 24. Rh7+ Kd6 25.
Ne2 Rd7 26. Rh6 Ke7 27. Kd2 e5 28. Rh7+ Ke6 29. Rh6+ Ke7 30. dxe5 Bxe5 31. c3 Rc7 32. f4 Bf6 33. Ng3 Ke6 34. b4 Rg7 35. Nh5 Re7 36. a4 Rf7 37. a5 Ke7 38. Ng3 Ke6 39. Kd3 b6 40. a6 c5 41. b5 Rg7 42. Nh5 Rf7 43.
c4 dxc4+ 44. Kxc4 Ke7 45. Kd5 Bb2 46. Re6+ Kd7 47. Rd6+ Kc7 48. Rc6+ Kd7 49. Ng3 Bc1 50.
Re6 Kc7 51. Re5 Rd7+ 52. Kc4 Rd2 53. Nxf5 Rc2+ 54. Kd5 Rd2+ 55. Ke4 c4 56. Re7+ Kc8 57. Rxa7 c3 58. Ne7+ Kb8 59. Nc6+ Kc8 60. Re7 Ra2 61. f5 c2 62. Nd4 Ra4 63. Kd3 Bb2 64. Kxc2 Bxd4 65.
exd4 Kd8 66. Rb7 Rxd4 67. Rxb6 Ra4 68. Kb3 Ra1 69. Kb4 Kc7 70. Rc6+ Kb8 71. f6 Ka7 72.
Kc4 Rc1+ 73. Kd5 Rd1+ 74. Ke5 Re1+ 75. Kf5 Rf1+ 76. Kg6 Re1 77. Kf7 Re2 78. Re6 Rf2 79. Re7+ Ka8 80. b6 Rxf6+ 81. Kxf6 1-0

[Event "Late-Titled-Tuesday-Blitz-May-07-2024"]
[Site "Chess.com"]
[Date "2024.05.07"]
[Round "2"]
[White "Mackster23"]
[Black "maciek_92"]
[Result "1-0"]
[WhiteElo "2584"]
[BlackElo "2820"]
[TimeControl "180+1"]
[EndTime "14:19:37 PDT"]
[Termination "Mackster23 won by resignation"]

1. e4 c5 2. Nf3 e6 3. d4 cxd4 4. Nxd4 Nc6 5. Nc3 a6 6. Nxc6 bxc6 7. Bd3 d5 8. O-O Nf6 9. Qf3 Be7 10. e5 Nd7 11. Qg3 g6 12. Bh6 Qc7 13. Rfe1 Bf8 14. Bxf8 Kxf8 15. h4 Rb8 16. b3 h5 17. a3 Kg7 18. Re2 c5 19. Rae1 c4 20. bxc4 dxc4 21.
Be4 Qxe5 22. Qf3 Qf6 23. Qg3 Bb7 24. Bxb7 Rxb7 25. Ne4 Qe5 26. Qxe5+ Nxe5 27. Nc5 Nd3 28. cxd3 Rb5 29. d4 Rd8 30. Re4 e5 31. Rxe5 Rxd4 32. Nxa6 Rb2 33. R5e2 Rb3 34. Ra2 Rxh4 35. Rc1 c3 36.
Nc5 Rb5 37. Nd3 Rd4 38. Nb4 Re5 39. Kf1 Rh4 40. Kg1 Rc4 41. Rac2 h4 42. Rxc3 Rg4 43. Kf1 Reg5 44. g3 hxg3 45. Rxg3 Rxg3 46. fxg3 Rxg3 47.
Ra1 Rb3 48. Nc2 Rb2 49. Ne3 Kf6 50. a4 Rb3 51. Ke2 Ke5 52. a5 Kd4 53. Nc2+ Kc5 54. a6 Rb8 55. Ne3 Ra8 56. Kd3 Kb5 57. a7 Kb6 58. Nc4+ Kb7 59. Nd6+ Kb6 60. Nc4+ Kb7 61. Nd6+ Kc6 62. Nxf7 Kb6 63. Nd6 Kc6 64. Nc4 Kb7 65. Nd6+ Kb6 66. Nc4+ Kb7 67. Ne5 Rxa7 68. Rb1+ Kc7 69. Nxg6 Ra3+ 70. Ke4 Rh3 71. Nf4 Rh2 72. Rc1+ Kd6 73. Rd1+ Ke7 74. Rd4 Ra2 75. Kf5 Ra1 76. Kg4 Kf6 77. Re4 Rg1+ 78. Kf3 Rf1+ 79. Ke3 Ra1 80.
Re6+ Kf5 81. Re8 Ra2 82. Ne2 Ra3+ 83. Kf2 Kf6 84. Rf8+ Kg5 85. Rc8 Kg4 86. Rc4+ Kf5 87. Ng3+ Ke5 88. Re4+ Kd5 89. Re2 Kd4 90. Nf5+ Kd5 91.
Ne3+ Kd6 92. Nc4+ Kc5 93. Nxa3 1-0

[Event "Late-Titled-Tuesday-Blitz-May-07-2024"]
[Site "Chess.com"]
[Date "2024.05.07"]
[Round "2"]
[White "bardiya_Daneshvar"]
[Black "Ykow"]
[Result "1/2-1/2"]
[WhiteElo "3026"]
[BlackElo "2551"]
[TimeControl "180+1"]
[EndTime "14:19:39 PDT"]
[Termination "Game drawn - insufficient material"]

1. f3 e5 2. e3 d5 3. b3 Nc6 4.
Bb2 Nf6 5. Bb5 Bd6 6. Ne2 Bd7 7.
O-O O-O 8. Nbc3 Re8 9. e4 d4 10. Nb1 a6 11. Bxc6 Bxc6 12. d3 a5 13. a4 Nh5 14.
Nd2 Be7 15. Nc4 Bg5 16. Bc1 b6 17. f4 exf4 18. Nxf4 Nxf4 19. Bxf4 Bxf4 20. Rxf4 Bd7 21. Qh5 Be6 22. Raf1 f6 23. Nd2 Qd6 24. Rh4 h6 25. Nf3 Qc5 26. Qxc5 bxc5 27. Nd2 Bf7 28. Rf5 Re5 29.
Rhf4 Be6 30. Rxe5 fxe5 31. Rf2 Re8 32. h3 g5 33. Nf3 Kg7 34. Nxe5 Bxb3 35. cxb3 Rxe5 36.
Kf1 Kg6 37. Rf8 Re6 38. Rg8+ Kh5 39. Rb8 Kh4 40. Kg1 Kg3 41. Rf8 Rb6 42. Rf3+ Kh4 43. e5 Rxb3 44. e6 Rb8 45. Rf5 Re8 46. Rf6 g4 47.
Rxh6+ Kg5 48. Rh7 Rxe6 49. Rxc7 g3 50. Rxc5+ Kf4 51. Kf1 Ke3 52. Rg5 Kxd3 53. Rxg3+ Kc2 54. Rg5 d3 55. Rc5+ Kd1 56. Rxa5 Rf6+ 57. Kg1 d2 58. Rc5 Ke2 59. Re5+ Kd3 60. Rd5+ Ke3 61. Rd8 Ra6 62. Kf1 Rxa4 63. Re8+ Kd3 64. Rd8+ Kc2 65. Rc8+ Kd1 66. Kf2 Rf4+ 67. Ke3 Rf7 68. Rd8 Ke1 69.
g4 d1=Q 70. Rxd1+ Kxd1 71. h4 Rh7 72. h5 Kc2 73. Ke4 Kc3 74. Kf5 Kd4 75. Kg6 Rh8 76. h6 Ke5 77. Kg7 Ra8 78. h7 Kf4 79. h8=Q Rxh8 80. Kxh8 Kxg4 1/2-1/2

[Event "Late-Titled-Tuesday-Blitz-May-07-2024"]
[Site "Chess.com"]
[Date "2024.05.07"]
[Round "2"]
[White "ellatambien"]
[Black "Hakiki_satranc"]
[Result "1/2-1/2"]
[WhiteElo "2678"]
[BlackElo "2414"]
[TimeControl "180+1"]
[EndTime "14:19:47 PDT"]
[Termination "Game drawn by 50-move rule"]

1. Nf3 c5 2. c4 Nc6 3. d4 cxd4 4. Nxd4 e6 5. Nc3 Bb4 6. g3 d5 7. Bg2 Nge7 8. cxd5 Nxd5 9. Nxc6 bxc6 10. O-O O-O 11. Na4 a5 12. a3 Be7 13. Qc2 Ba6 14. Rd1 Qc8 15. Bf3 Rb8 16. Nc5 Rb5 17. Nxa6 Qxa6 18.
e4 Nf6 19. Be2 Qb7 20. Bxb5 cxb5 21. f3 Rc8 22. Qe2 h5 23. Bg5 b4 24. axb4 Qxb4 25.
Kg2 Rb8 26. Rd2 Nxe4 27. fxe4 Bxg5 28. Rc2 g6 29. Rd1 Bf6 30. Rdd2 Be5 31. Qf3 Kg7 32. Qa3 a4 33. Qxb4 Rxb4 34. Re2 Rb3 35. Rc4 a3 36. bxa3 Rxa3 37. Rcc2 Bd4 38. Red2 e5 39.
Re2 Rb3 40. Rc7 Rb6 41. h4 Rf6 42. Kh3 Re6 43. Rec2 Rf6 44. R2c6 Rf2 45. Rd7 Rf6 46. Rxf6 Kxf6 47. g4 hxg4+ 48. Kxg4 Ke6 49. Rb7 Kf6 50. Rb5 Kg7 51. Ra5 Kf6 52. Ra6+ Kg7 53. h5 gxh5+ 54. Kxh5 Be3 55. Kg4 Bf4 56. Kf5 Bg3 57. Ra7 Bf4 58. Rb7 Bg3 59. Kg4 Bf4 60. Kf3 Bg5 61. Ke2 Bf4 62. Kd3 Kg6 63. Kc4 f5 64. Rb6+ Kg5 65. Kd5 fxe4 66. Kxe4 Kh5 67. Kf5 Kh4 68. Rb3 Bg3 69. Rc3 Bf4 70. Rc7 Kg3 71. Ke4 Kf2 72. Rc2+ Kg3 73. Rc3+ Kg4 74. Rb3 Bg3 75. Rb1 Bf4 76. Rg1+ Bg3 77. Ke3 Kh4 78. Kf3 Bf4 79. Rg8 Kh5 80. Ke4 Kh4 81. Kf3 Kh5 82.
Rg4 Bg5 83. Rg2 Bf4 84. Ke4 Kh4 85. Kf5 Kh3 86. Rg6 Bg3 87. Ke4 Bf4 88. Kf3 Kh4 89. Rg4+ Kh5 90. Rg2 Kh6 91. Ke4 Kh5 92. Kf5 Kh4 93.
Rg4+ Kh3 94. Rg8 Bg3 95. Rh8+ Kg2 96. Kg4 Bf4 97. Ra8 Kf2 98. Kf5 Ke3 99. Ra3+ Kd4 100. Rf3 Kd5 101. Rd3+ Kc4 102. Ke4 Bh2 103. Rd2 Bf4 104. Rc2+ Kb3 105. Rc6 Kb4 106. Kd5 Kb5 107. Rc2 Kb4 108.
Ke4 Kb3 109. Kd3 Kb4 110. Rc4+ Kb5 111. Rc8 Kb4 112. Rg8 Kc5 113. Ke4 Kc4 114. Rc8+ Kb5 115. Kd5 Kb4 116. Rc4+ 1/2-1/2

[Event "Late-Titled-Tuesday-Blitz-May-07-2024"]
[Site "Chess.com"]
[Date "2024.05.07"]
[Round "2"]
[White "Jospem"]
[Black "secretworker2027"]
[Result "1/2-1/2"]
[WhiteElo "3007"]
[BlackElo "2659"]
[TimeControl "180+1"]
[EndTime "14:20:15 PDT"]
[Termination "Game drawn by repetition"]

1. e4 c5 2. Nf3 Nc6 3. c3 d6 4.
d4 Nf6 5. d5 Nb8 6. h3 g6 7. Bd3 Bg7 8. O-O O-O 9. Nbd2 a6 10.
a4 e6 11. dxe6 Bxe6 12. Re1 Nc6 13. Nf1 d5 14. e5 Nd7 15. Bf4 c4 16. Bc2 Nc5 17. Ng3 b5 18. Be3 Nxa4 19. Bxa4 bxa4 20. Bf4 h6 21. h4 Bg4 22. Rxa4 Qb6 23. Qxd5 Rad8 24. Qxc4 Bxf3 25. gxf3 Ne7 26. Rxa6 Qxb2 27. Rd6 Rc8 28. Qe4 Qxc3 29. Rc1 Qa3 30. Rcd1 Qb3 31. Kg2 Rc4 32. R1d4 Rxd4 33. Rxd4 h5 34. Bg5 Re8 35. f4 Nc8 36. Qc6 Qe6 37. Qxe6 fxe6 38. Ne4 Nb6 39. Nc5 Kf7 40. Rd6 Bf8 41. Rxb6 Bxc5 42. Rb7+ Kg8 43. Bf6 Bf8 44. Kf3 Ra8 45.
Rb6 Kf7 46. Rb7+ Kg8 47. Kg2 Ra4 48. Bg5 Ra6 49. Rc7 Rb6 50. Kf1 Ra6 51. Rb7 Rc6 52. Ke2 Ra6 53. Kd3 Ra2 54. Rb6 Kf7 55. Rb7+ Kg8 56.
Kc4 Rxf2 57. Ra7 Rf1 58. Kb5 Rd1 59. Kc6 Rd5 60. Rb7 Rd1 61. Kc7 Rd3 62. Kc8 Rd5 63.
Rb6 Kf7 64. Rb7+ Kg8 65. Rb1 Kf7 66. Kc7 Rd3 67. Kc6 Rc3+ 68. Kb5 Rd3 69. Kc4 Rd5 70. Rb7+ Kg8 71. Rb8 Kf7 72. Rb6 Rd1 73. Ra6 Rc1+ 74. Kd3 Rd1+ 75. Ke2 Rd5 76. Ke3 Rd1 77. Kf3 Rd3+ 78.
Ke2 Rd5 79. Bf6 Rd4 80. Ra7+ Kg8 81. Kf3 Rd3+ 82. Ke4 Rd1 83. Be7 Bh6 84. Bc5 Re1+ 85. Be3 Bf8 86. Rc7 Ba3 87. Kf3 Bf8 88. Bc5 Rc1 89.
Bb6 Rxc7 90. Bxc7 Kf7 91. Bd8 Bc5 92. Ke4 Bf2 93. Bg5 Be1 94. Kd3 Bf2 95. Kc4 Be1 96. Kb5 Bf2 97. Kc4 Be1 98. Kd3 Bf2 99. Ke2 Bg3 100.
Kd3 Be1 101. Ke3 Bg3 102. Ke2 Kg8 103. Kf1 Kf7 104. Ke2 Kg8 105. Kf3 Be1 106. Bf6 Kf7 107. Ke2 Bg3 108. Ke3 Bh2 109. Kf3 Bg1 110. Bg5 Bb6 111. Ke4 Ba5 112. Kd3 Be1 113. Ke2 Ba5 114. Kf2 Bb6+ 115. Kf3 Ba5 116. Kf2 Bb6+ 117. Kf3 Ba5 118. Ke2 Bb6 119. Kd3 Ba5 120. Kc4 Be1 1/2-1/2

[Event "Late-Titled-Tuesday-Blitz-May-07-2024"]
[Site "Chess.com"]
[Date "2024.05.07"]
[Round "2"]
[White "ameetghasi100"]
[Black "szachmistrz2500"]
[Result "1-0"]
[WhiteElo "2801"]
[BlackElo "2473"]
[TimeControl "180+1"]
[EndTime "14:20:30 PDT"]
[Termination "ameetghasi100 won by resignation"]

1. b3 c5 2. Bb2 Nc6 3. e3 a6 4.
Nf3 d5 5. d4 Nf6 6. dxc5 e6 7.
a3 Bxc5 8. b4 Be7 9. c4 O-O 10.
cxd5 Qxd5 11. Qxd5 Nxd5 12. Nbd2 b5 13. Bd3 Rd8 14. Be4 Bb7 15. O-O Nf6 16. Bc2 Rac8 17. Rfc1 a5 18. bxa5 Nxa5 19. Nd4 Nc4 20. Nxc4 bxc4 21.
a4 Nd5 22. Be4 Ba6 23. Ba3 Bf6 24. Bb2 Nb4 25. Bc3 Nd3 26. Rcb1 Bxd4 27. exd4 Nf4 28.
Ra2 Nd5 29. Ba5 Rd6 30. Rc2 Nf6 31. Bf3 Rxd4 32. Bc3 Rd3 33. Rb6 Rcd8 34. h4 R3d6 35. Rcb2 h6 36. Rxd6 Rxd6 37. Be5 Rd8 38. Rb6 Nd7 39.
Rd6 Kf8 40. Bc3 Bc8 41. a5 Ke7 42. Bb4 Kf6 43. a6 Bxa6 44. Rxa6 Ne5 45. Bc3 Rd3 46. Ra3 Kf5 47. Be2 Rd5 48. f3 h5 49. Kf2 g5 50. hxg5 Kxg5 51. Ke3 Kf5 52. Ra1 h4 53. Rh1 Ng6 54. Bxc4 Rc5 55. Bd3+ Kg5 56. Bd4 Ra5 57. Kf2 f5 58. Be3+ f4 59. Bd2 Ra2 60. Ke2 Ne5 61. Rc1 Nxd3 62. Kxd3 h3 63. gxh3 Kh4 64. Bxf4 Kxh3 65.
Rg1 Ra3+ 66. Ke4 Ra4+ 67. Ke3 Ra3+ 68. Ke2 Ra2+ 69. Bd2 e5 70. Rg4 Ra3 71. Rg5 Ra2 72. Rxe5 Kg3 73. Rg5+ Kh2 74. Rg8 Kh3 75. Rh8+ Kg3 76. Rg8+ Kh3 77. f4 Kh4 78. Ke3 Kh5 79. Bc3 Ra3 80. Kd3 Rb3 81. Kc4 Rb7 82. Be5 Rf7 83. Kd5 Ra7 84. Ke6 Ra6+ 85. Kf5 Kh4 86. Bf6+ Kh3 87. Be5 Kh4 88. Rh8+ Kg3 89. Rh1 Kg2 90.
Rh5 Ra8 91. Rg5+ Kf3 92. Ke6 Re8+ 93. Kf7 Ra8 94. Rg6 Ke4 95. Kf6 Kd5 96. Kf5 Rf8+ 97.
Rf6 Rg8 98. Rd6+ Kc5 99. Rd1 Rg2 100. Ke6 Kc6 101. Rc1+ Kb7 102. f5 Re2 103. f6 Rf2 104. f7 Rf3 105. Bf6 Re3+ 106. Kd7 Rd3+ 107. Ke8 Re3+ 108. Kd7 Rd3+ 109. Ke6 Re3+ 110. Kd5 Rf3 111. f8=Q 1-0

[Event "Late-Titled-Tuesday-Blitz-May-07-2024"]
[Site "Chess.com"]
[Date "2024.05.07"]
[Round "2"]
[White "finec2"]
[Black "Rital44"]
[Result "1/2-1/2"]
[WhiteElo "2292"]
[BlackElo "2713"]
[TimeControl "180+1"]
[EndTime "14:20:49 PDT"]
[Termination "Game drawn - insufficient material"]

1. e4 e6 2. d4 d5 3. e5 c5 4. c3 Nc6 5. Nf3 Nh6 6. Bd3 Nf5 7. O-O b6 8. Bg5 Be7 9. Bxe7 Qxe7 10. a3 g6 11. Bb5 Bd7 12. b4 cxd4 13. cxd4 Nxe5 14. Nxe5 Bxb5 15. Re1 O-O 16. Nc3 Be8 17. Qd3 Qf6 18. Rad1 Rc8 19. f4 Nd6 20. g3 Nc4 21. Ra1 a5 22. b5 Rc7 23. a4 Bd7 24. Re2 Rfc8 25. Rc1 Be8 26. Kg2 h5 27. h3 Kg7 28. Nf3 Nd6 29.
Ne5 Nf5 30. g4 Nh4+ 31. Kg3 Rc4 32. Nxc4 Rxc4 33. Rd1 Bd7 34. Qe3 Kg8 35. Rd3 Rb4 36. Qe5 Qd8 37. Qd6 Rc4 38. Nxd5 hxg4 39. hxg4 exd5 40.
Re7 Rc1 41. Qxd7 Qxd7 42. Rxd7 g5 43. Rxd5 Rg1+ 44. Kf2 Rg2+ 45. Kf1 gxf4 46. Rg5+ Kf8 47. d5 Rc2 48. d6 Rc8 49. d7 Rd8 50. Rgd5 Ng6 51.
Rc3 Ne7 52. Rd6 Ng6 53. Rc7 Ke7 54. Rxb6 Ne5 55. Rcb7 Nxg4 56. Ra6 Ne3+ 57. Ke2 Nc4 58. Rc6 Ne5 59. Rc8 Rxd7 60. Rxd7+ Kxd7 61. Ra8 Kc7 62. Rxa5 f3+ 63. Kf2 Kb7 64. Ra6 Nd3+ 65. Kxf3 Nc5 66. Rf6 Nxa4 67. Rxf7+ Kb6 68. Rf5 Nc3 69. Ke3 Nd1+ 70.
Kd2 Nb2 71. Kc3 Nd1+ 72. Kd3 Nb2+ 73. Kd4 Na4 74. Kc4 Nb2+ 75. Kb3 Nd3 76. Rh5 Nf4 77. Re5 Nd3 78. Rd5 Nf4 79. Rd4 Ne2 80. Re4 Ng3 81. Re5 Nh1 82. Kc3 Nf2 83. Kd2 Ng4 84. Rg5 Nf2 85. Ke3 Nd1+ 86. Kd4 Nb2 87. Kc3 Na4+ 88. Kb4 Nb2 89. Rg2 Nd3+ 90. Kc3 Nf4 91. Rg5 Ka5 92. Kd4 Ne2+ 93. Kc5 Nc1 94. Rg8 Nb3+ 95. Kc6 Kb4 96. Ra8 Na5+ 97. Kb6 Nc4+ 98. Kc6 Ne5+ 99. Kd5 Nd7 100.
Rd8 Nb6+ 101. Kc6 Ka5 102. Rb8 Nc4 103. b6 Ne5+ 104.
Kc5 Nd7+ 105. Kc6 Nxb8+ 106. Kb7 Nd7 107. Kc7 Nc5 108. Kc6 Na6 109. Kb7 Kb5 110. Kc8 Kxb6 1/2-1/2

[Event "Late-Titled-Tuesday-Blitz-May-07-2024"]
[Site "Chess.com"]
[Date "2024.05.07"]
[Round "3"]
[White "Ykow"]
[Black "Felix-Rose"]
[Result "0-1"]
[WhiteElo "2537"]
[BlackElo "2234"]
[TimeControl "180+1"]
[EndTime "14:23:32 PDT"]
[Termination "Felix-Rose won by resignation"]

1. e4 e5 2. Nf3 Nc6 3. Bc4 Nf6 4. d3 Bc5 5. h3 d6 6. Nc3 h6 7. a3 a5 8. Be3 O-O 9. g4 Nd4 10. Bxd4 exd4 11. Nd5 Nxd5 12. Bxd5 c6 13. Ba2 d5 14. e5 Re8 15. Qd2 f6 16. O-O-O fxe5 17. Rde1 Qf6 18. Nh2 Bd7 19. Rhg1 Qf4 20. Qxf4 exf4 21. Nf3 Rxe1+ 22. Rxe1 Re8 23. Rxe8+ Bxe8 0-1

[Event "Late-Titled-Tuesday-Blitz-May-07-2024"]
[Site "Chess.com"]
[Date "2024.05.07"]
[Round "3"]
[White "Cuchulin"]
[Black "gabduschew"]
[Result "0-1"]
[WhiteElo "2194"]
[BlackElo "2437"]
[TimeControl "180+1"]
[EndTime "14:23:44 PDT"]
[Termination "gabduschew won by resignation"]

1. d4 d5 2. Bf4 Nf6 3. e3 c5 4. Nc3 cxd4 5. exd4 a6 6. Nf3 Bg4 7. Be2 Nc6 8. O-O e6 9. Na4 Bd6 10. Bxd6 Qxd6 11. Nc5 b6 12. Nxa6 Bxf3 13. gxf3 Nh5 14. Bb5 O-O 15. Bxc6 Qxc6 16. Nb4 Qd6 17. Qd2 Nf4 18.
c3 e5 19. dxe5 Qg6+ 0-1

[Event "Late-Titled-Tuesday-Blitz-May-07-2024"]
[Site "Chess.com"]
[Date "2024.05.07"]
[Round "3"]
[White "oskariot"]
[Black "DrVelja"]
[Result "0-1"]
[WhiteElo "2754"]
[BlackElo "2992"]
[TimeControl "180+1"]
[EndTime "14:24:08 PDT"]
[Termination "DrVelja won by resignation"]

1. e4 c5 2. Nf3 Nc6 3. b4 Nxb4 4.
c3 Nc6 5. d4 cxd4 6. cxd4 e6 7.
Nc3 d5 8. e5 Bb4 9. Bd2 Nge7 10.
Bd3 h6 11. O-O O-O 12. Rc1 Nf5 13. Ne2 Bxd2 14. Qxd2 Bd7 15. g4 Nh4 16. Nxh4 Qxh4 17. f3 Rfc8 18. Bb1 Ne7 19. Ng3 Bb5 20. Rfe1 Qg5 21. Qb4 Rxc1 0-1

[Event "Late-Titled-Tuesday-Blitz-May-07-2024"]
[Site "Chess.com"]
[Date "2024.05.07"]
[Round "3"]
[White "Ryukchess81"]
[Black "kemelgallo"]
[Result "0-1"]
[WhiteElo "2450"]
[BlackElo "2659"]
[TimeControl "180+1"]
[EndTime "14:24:12 PDT"]
[Termination "kemelgallo won by resignation"]

1. d4 Nf6 2. Bf4 d5 3. e3 c5 4. dxc5 e6 5. b4 a5 6. c3 axb4 7. cxb4 b6 8. Bxb8 Rxb8 9. Bb5+ Bd7 10. c6 Bxb4+ 11. Kf1 O-O 12. cxd7 Nxd7 13. Nf3 Nc5 14. g3 Qf6 15. Nd4 Ne4 16. f4 e5 17. Nc6 exf4 18. exf4 Qxa1 19. Nxb4 Qb2 0-1

[Event "Late-Titled-Tuesday-Blitz-May-07-2024"]
[Site "Chess.com"]
[Date "2024.05.07"]
[Round "3"]
[White "Gareth-Bale11"]
[Black "Meri-Arabidze"]
[Result "1/2-1/2"]
[WhiteElo "2891"]
[BlackElo "2720"]
[TimeControl "180+1"]
[EndTime "14:24:16 PDT"]
[Termination "Game drawn by repetition"]

1. e4 e5 2. Nf3 Nc6 3. Bb5 a6 4. Ba4 Nf6 5. d3 d6 6. c3 g6 7. O-O Bg7 8. Re1 O-O 9. Nbd2 Nd7 10. Bxc6 bxc6 11. d4 exd4 12. cxd4 c5 13. d5 Rb8 14.
Nc4 Nb6 15. Na5 Bd7 16. Rb1 Re8 17. Bg5 Qc8 18. Qc2 Na4 19. Nc4 Nb6 20. Na5 Na4 21. Nc4 Nb6 22. Na5 1/2-1/2

[Event "Late-Titled-Tuesday-Blitz-May-07-2024"]
[Site "Chess.com"]
[Date "2024.05.07"]
[Round "3"]
[White "Der_Balak_3Halak"]
[Black "HonestJoe1"]
[Result "1-0"]
[WhiteElo "2397"]
[BlackElo "2085"]
[TimeControl "180+1"]
[EndTime "14:24:19 PDT"]
[Termination "Der_Balak_3Halak won by resignation"]

1. e4 c5 2. c3 b6 3. g3 Bb7 4. Bg2 f5 5. exf5 Bxg2 6. Qh5+ g6 7. fxg6 Nf6 8. g7+ Nxh5 9. gxh8=Q Bxh1 10. Qxh7 d6 11.
Qxh5+ Kd7 12. f3 Nc6 13. Qh3+ Kc7 14. Qf1 Ne5 15. d4 Nf7 16. Ne2 1-0

[Event "Late-Titled-Tuesday-Blitz-May-07-2024"]
[Site "Chess.com"]
[Date "2024.05.07"]
[Round "3"]
[White "RantomOpening"]
[Black "Bryanl106"]
[Result "0-1"]
[WhiteElo "2487"]
[BlackElo "2693"]
[TimeControl "180+1"]
[EndTime "14:24:45 PDT"]
[Termination "Bryanl106 won by resignation"]

1. c4 Nf6 2. Nf3 g6 3. Nc3 Bg7 4. e4 d6 5. d4 O-O 6. Be2 e5 7. Be3 Ng4 8. Bg5 f6 9. Bc1 Nc6 10. h3 Nh6 11. O-O Nf7 12. Be3 h5 13. dxe5 Nfxe5 14. Nd5 Nxf3+ 15. Bxf3 Be6 16. Be2 f5 17. Nf4 Qf6 18. Nxe6 Qxe6 19. exf5 Rxf5 20. Rb1 Raf8 21. Qd2 Ne5 22. Rbc1 Kh7 23. Qd5 Nf3+ 24. Bxf3 Rxd5 25. Bxd5 Qc8 26. b3 c6 27. Be4 Qe6 28. Bb1 Bh6 29.
Rfe1 Qf6 30. Rcd1 Bxe3 31. Rxe3 Qxf2+ 32. Kh2 Qxe3 0-1